 Dungeon Crawl Stone Soup version 0.27-a0-1140-g099f9bb0e8 (webtiles) character file.

Game seed: 5327346925886565830

4 Morbidden the Skirmisher (level 1, 0/18 HPs)
             Began as a Demonspawn Fighter on May 10, 2021.
             Slain by a goblin
             ... wielding a +0 dagger
              (1 damage)
             ... on level 1 of the Dungeon.
             The game lasted 00:00:07 (54 turns).

Morbidden the Skirmisher (Demonspawn Fighter)         Turns: 54, Time: 00:00:07

Health: 0/18       AC:  6    Str: 16    XL:     1   Next: 50%
Magic:  1/1        EV:  6    Int:  9    God:
Gold:   0          SH:  8    Dex: 12    Spells: 0/0 levels left

rFire    . . .     SeeInvis .   a - +0 long sword
rCold    . . .     Faith    .   c - +0 kite shield
rNeg     . . .     Spirit   .   b - +0 scale mail
rPois    .         Reflect  .   (no helmet)
rElec    .         Harm     .   (no cloak)
rCorr    .         Rampage  .   (no gloves)
Will     .....                  (no boots)
Stlth    ..........             (no amulet)
HPRegen  0.06/turn              (no ring)
MPRegen  0.07/turn              (no ring)

@: no status effects
A: no striking features
a: no special abilities


You were on level 1 of the Dungeon.
You visited 1 branch of the dungeon, and saw 1 of its levels.

Inventory:

Hand Weapons
 a - a +0 long sword (weapon)
Armour
 b - a +0 scale mail (worn)
 c - a +0 kite shield (worn)
Potions
 d - a potion of might


   Skills:
 + Level 3.0 Fighting
 + Level 1.8 Long Blades
 + Level 2.7 Armour
 + Level 2.8 Shields


You couldn't memorise any spells.
You didn't know any spells.
Your spell library contained the following spells:

 Spells                   Type           Power      Damage    Failure   Level
 Confusing Touch          Hex            0%         N/A       100%        3
 Gell's Gravitas          Tloc           0%         N/A       100%        3
 Petrify                  Tmut/Erth      0%         N/A       100%        4
 Metabolic Englaciation   Hex/Ice        0%         N/A       100%        5
 Yara's Violent Unravell  Hex/Tmut       0%         3d3       100%        5


Dungeon Overview and Level Annotations

Branches:
Dungeon (1/15)

Altars:


Message History

The bat hits you.
A ball python comes into view.
You block the goblin's attack. The bat hits you but does no damage.
The ball python moves out of view.
Unknown command.
You closely miss the bat.
The bat is moderately wounded.
You block the bat's attack. The goblin hits you with a +0 dagger.
* * * LOW HITPOINT WARNING * * *
The goblin barely misses you.
You riposte.
You closely miss the goblin.
Unknown command.
You are too injured to fight recklessly!
You hit the ball python.
You kill the ball python!
The bat hits you.
* * * LOW HITPOINT WARNING * * *
The bat hits you but does no damage. You block the goblin's attack.
A kobold comes into view. It is wielding a +0 short sword.
You are too injured to fight recklessly!
Unknown command.
You are too injured to fight recklessly!
Unknown command.
You are too injured to fight recklessly!
Unknown command.
You are too injured to fight recklessly!
You are too injured to fight recklessly!
The kobold shouts!
You block the bat's attack.
You are too injured to fight recklessly!
The bat hits you.
* * * LOW HITPOINT WARNING * * *
The bat hits you but does no damage. You block the goblin's attack.
You block the bat's attack.
Found 7 gold pieces.
You block the bat's attack. The bat hits you.
* * * LOW HITPOINT WARNING * * *
You block the bat's attack. The bat closely misses you.
The goblin hits you with a +0 dagger.
You die...

..## ##..#.# #
#..$## ...#.#.#
#....### ..#.#.#
#.....###.....# .
#......##..#####..
#........†.......
#........)......
##lg...K........
##@b.....#####.#
#.##.....#
#.###....# #.#
##...# #.###....#
#.##.....#
##.......#
##.....#.#
##......#...


You could see a goblin, a bat, a kobold and a frilled lizard.

Vanquished Creatures
  2 goblins (D:1)
  2 ball pythons (D:1)
4 creatures vanquished.

Notes
Turn   | Place    | Note
-------+----------+-------------------------------------------
     0 | D:1      | Morbidden the Demonspawn Fighter began the quest for the
                  | Orb.
     0 | D:1      | Reached XP level 1. HP: 18/18 MP: 1/1
    54 | D:1      | Slain by a goblin

Illustrated notes

Levels and vault maps discovered:
D:1:      minmay_arrival_pointy, layout_basic, ebering_ecumenical_altar_hall,
          serial_shops, shop, minmay_indecisive_spiral

Action                   || total
-------------------------++-------
Melee: Long sword        ||    18
Armor: Scale mail        ||    27
Dodge: Dodged            ||    11
Block: Kite shield       ||    31
       Rpst.: Long sword ||     3

Table legend: (Time is in decaauts)
 A = Elapsed time spent in this place.
 B = Non-inter-level travel time spent in this place.
 C = Inter-level travel time spent in this place.
 D = Time resting spent in this place.
 E = Time spent auto-exploring this place.
 F = Levels seen in this place.
 G = Mean time per level.
                   A        B        C        D        E       F      G
               +--------+--------+--------+--------+--------+-----+--------+
         Total |     63 |     63 |      0 |      0 |     27 |   1 |   63.0 |
       Dungeon |     63 |     63 |      0 |      0 |     27 |   1 |   63.0 |
               +--------+--------+--------+--------+--------+-----+--------+

Top non-repeatable levels by time:
     D:1: 63 daAuts
